 Dungeon Crawl Stone Soup version 0.22-a0-197-g4ac3794 (webtiles) character file.

1310 solxrula the Basher (level 8, -14/80 HPs)
             Began as a Troll Berserker on Feb 11, 2018.
             Was an Elder of Trog.
             Demolished by Duvessa
             ... wielding a +1 short sword of venom
              (15 damage)
             ... on level 5 of the Dungeon on Feb 17, 2018.
             The game lasted 00:17:48 (3332 turns).

solxrula the Basher (Troll Berserker)               Turns: 3332, Time: 00:17:48

Health: -14/80     AC:  7    Str: 28    XL:     8   Next: 32%
Magic:  7/7        EV: 12    Int:  3    God:    Trog [****..]
Gold:   237        SH:  0    Dex:  7    Spells: 7/7 levels left

rFire    x . .     SeeInvis .   a - +3 mace
rCold    + . .     Gourm    +   (no shield)
rNeg     . . .     Faith    +   e - +1 animal skin
rPois    .         Spirit   .   (helmet restricted)
rElec    .         Reflect  .   (no cloak)
rCorr    .         Harm     .   (gloves unavailable)
MR       .....                  (boots unavailable)
Stlth    +.........             f - amulet of faith
HPRegen  0.63/turn              g - ring of ice
MPRegen  0.10/turn              (no ring)

@: lethally poisoned (-14 -> -55)
A: large, unfitting armour, claws 3, repulsion field 1, slimy green scales 1,
clumsy 1, deformed body, fast metabolism 3, gourmand, regeneration 1, shaggy fur
1, tough skin 2
a: Berserk, Trog's Hand, Brothers in Arms, Burn Spellbooks, Renounce Religion


You were on level 5 of the Dungeon.
You worshipped Trog.
Trog was greatly pleased with you.
You were not hungry.

You visited 1 branch of the dungeon, and saw 5 of its levels.

You collected 237 gold pieces.

Inventory:

Hand Weapons
 a - a +3 mace (weapon)
 b - a +0 mace
Missiles
 w - a large rock (quivered)
 x - 152 stones
Armour
 e - a +1 animal skin (worn)
Jewellery
 f - an amulet of faith (around neck)
 g - a ring of ice (left claw)
 j - an uncursed ring of see invisible {unknown}
Wands
 k - a wand of iceblast (10)
Scrolls
 h - 7 scrolls of remove curse
 l - 2 scrolls of identify
Potions
 d - a potion of haste
 i - 2 potions of heal wounds
 n - 2 potions of lignification
 v - a potion of brilliance
Comestibles
 c - 9 rations


   Skills:
 + Level 5.0 Fighting
 + Level 8.4 Maces & Flails
 - Level 2.4 Dodging


You had 7 spell levels left.
You didn't know any spells.

Dungeon Overview and Level Annotations

Branches:
Dungeon (5/15)
 Temple: D:4-7

Altars:
Cheibriados
Fedhas
Nemelex Xobeh

Annotations:
D:5 Duvessa


Innate Abilities, Weirdness & Mutations

You are too large for most types of armour.
You have claws for hands.
Your metabolism is lightning-fast.
You like to eat raw meat.
Your natural rate of healing is unusually fast.
You are covered in fur. (AC +1)
You have very tough skin. (AC +2)
You are surrounded by a mild repulsion field. (EV +2)
You are partially covered in slimy green scales. (AC +2)
You are clumsy. (Dex -2)
Armour fits poorly on your strangely shaped body.


Message History

You hit Duvessa but do no damage.
Duvessa is moderately wounded.
You feel very sick. Duvessa barely misses you.
Duvessa hits you with a short sword of venom!
You are more poisoned.
Throwing (i - inventory. (/) - cycle)
w - 2 large rocks (quivered)
Press: ? - help, Shift-Dir - straight line, f - Duvessa
Aim: Duvessa, wielding a short sword of venom and wearing a leather armour (moderately wounded, berserk, fast, unusually strong)
You throw a large rock.
The large rock hits Duvessa but does no damage.
Duvessa is moderately wounded.
* * * LOW HITPOINT WARNING * * *
You feel extremely sick. Duvessa hits you but does no damage.
You are more poisoned.
Duvessa hits you with a short sword of venom!!
* * * LOW HITPOINT WARNING * * *
Duvessa hits you with a short sword of venom!
You die...

#.....#
#.....#
#.....#
#..>..#
#....##
#....##
#.....#
+.....#
#...e@#
#.....#
##...##
#...#
......
.......
........
.......


You could see Duvessa (berserk).

Vanquished Creatures
  Pikel (D:4)
  Sigmund (D:2)
  Eustachio (D:4)
  Dowan (D:5)
  A scorpion (D:4)
  A hound (D:4)
  A bullfrog skeleton (D:4)
  An orc wizard (D:2)
  Crazy Yiuf (D:3)
  Terence (D:3)
  Ijyb (D:2)
  Natasha (thrice) (D:2)
  A worker ant (D:4)
  6 adders
  3 gnolls (D:2)
  3 oozes (D:2)
  An adder skeleton (D:4)
  5 worms (D:2)
  2 leopard geckos
  15 orcs
  7 giant cockroaches
  8 goblins
  4 hobgoblins
  7 jackals (D:2)
  12 kobolds
  4 quokkas
  4 ball pythons
  9 bats
  4 frilled lizards
  7 rats
116 creatures vanquished.

Vanquished Creatures (others)
  A scorpion (D:4)
  An orc priest (D:4)
  A worker ant (D:4)
  An ooze (D:4)
  2 giant cockroaches (D:4)
  A jackal skeleton (D:4)
  A quokka skeleton (D:4)
8 creatures vanquished.

Grand Total: 124 creatures vanquished

Notes
Turn   | Place    | Note
-------+----------+-------------------------------------------
     0 | D:1      | solxrula the Troll Berserker began the quest for the Orb.
     0 | D:1      | Reached XP level 1. HP: 22/22 MP: 0/0
   155 | D:1      | Reached skill level 3 in Maces & Flails
   165 | D:1      | Reached XP level 2. HP: 29/29 MP: 1/1
   218 | D:1      | You fall through a shaft!
   355 | D:2      | Reached XP level 3. HP: 34/36 MP: 2/2
   571 | D:2      | Reached ** piety under Trog
   622 | D:2      | Noticed Natasha
   638 | D:2      | Killed Natasha
   638 | D:2      | Reached skill level 4 in Maces & Flails
   638 | D:2      | Reached XP level 4. HP: 37/45 MP: 3/3
   641 | D:2      | Noticed Sigmund
   672 | D:1      | Found a snail-covered altar of Cheibriados.
   999 | D:1      | Gained mutation: Armour fits poorly on your strangely shaped body. [potion of mutation]
   999 | D:1      | Gained mutation: You are clumsy. (Dex -2) [potion of mutation]
   999 | D:1      | Gained mutation: You are surrounded by a mild repulsion field. (EV +2) [potion of mutation]
   999 | D:1      | Gained mutation: You are partially covered in slimy green scales. (AC +2) [potion of mutation]
  1069 | D:2      | Noticed Natasha
  1073 | D:2      | Killed Sigmund
  1073 | D:2      | Reached skill level 5 in Maces & Flails
  1073 | D:2      | Reached XP level 5. HP: 54/54 MP: 4/4
  1079 | D:2      | Killed Natasha
  1079 | D:2      | Reached XP level 6. HP: 62/62 MP: 5/5
  1455 | D:2      | Noticed Natasha
  1466 | D:2      | Killed Natasha
  1579 | D:3      | Noticed Ijyb
  1771 | D:2      | Killed Ijyb
  1790 | D:2      | Reached *** piety under Trog
  1869 | D:2      | Reached skill level 6 in Maces & Flails
  1903 | D:3      | Found a sparkling altar of Nemelex Xobeh.
  2076 | D:3      | Noticed Terence
  2082 | D:3      | Killed Terence
  2119 | D:3      | Found a runed door.
  2124 | D:3      | Noticed Crazy Yiuf
  2128 | D:3      | Killed Crazy Yiuf
  2217 | D:3      | Reached XP level 7. HP: 70/70 MP: 6/6
  2228 | D:3      | Reached **** piety under Trog
  2243 | D:3      | Found a blossoming altar of Fedhas.
  2337 | D:3      | Lost intelligence.
  2347 | D:3      | Upgraded the game from 0.22-a0-161-g198051c to 0.22-a0-197-g4ac3794
  2353 | D:4      | Noticed Pikel
  2362 | D:4      | Killed Pikel
  2362 | D:4      | Reached skill level 7 in Maces & Flails
  2455 | D:4      | Reached XP level 8. HP: 79/79 MP: 7/7
  2525 | D:4      | Noticed Eustachio
  2531 | D:4      | Killed Eustachio
  2531 | D:4      | Reached skill level 8 in Maces & Flails
  2935 | D:4      | Reached skill level 5 in Fighting
  3270 | D:5      | Entered Level 5 of the Dungeon
  3280 | D:5      | Noticed Dowan
  3281 | D:5      | Noticed Duvessa
  3303 | D:5      | Killed Dowan
  3332 | D:5      | HP: 1/80 [Duvessa/short sword of venom (19)]
  3332 | D:5      | Demolished by Duvessa

Vault maps used:
D:1:      minmay_arrival_checkered_box, minmay_misc_feat_alley,
          hangedman_decor_diamond_cutter, cheibriados_altar_1
D:2:      first_ration, kennysheep_generic_room_2, uniq_sigmund, uniq_natasha
D:3:      fedhas_altar_3, nemelex_xobeh_ov_fountains_minmay,
          minmay_goblin_kobold_house, uniq_crazy_yiuf_cottage, uniq_terence,
          uniq_ijyb
D:4:      minmay_wonky_spiral, kennysheep_generic_room_8, uniq_eustachio,
          uniq_pikel
D:5:      overflow_temple_1_default, kennysheep_mini, makhleb_heckhound_becter,
          uniq_duvessa

Skill      XL: |  1  2  3  4  5  6  7  8 |
---------------+-------------------------+-----
Maces & Flails | 3 4 5 6 7 8 |  8.4
Fighting       | 3 4 5 |  5.0
Dodging        | |  2.4

Action                   |  1- 3 |  4- 6 |  7- 9 || total
-------------------------+-------+-------+-------++-------
Melee: Mace              |   111 |   168 |    72 ||   351
Throw: Stone             |     4 |       |     1 ||     5
       Large rock        |       |     1 |     3 ||     4
Invok: Berserk           |     1 |     3 |     1 ||     5
  Use: Scroll            |       |     6 |     4 ||    10
       Potion            |       |     5 |     5 ||    10
  Eat: Chunk             |     8 |    14 |    12 ||    34
       Ration            |       |     1 |       ||     1
Armor: Animal skin       |    42 |    74 |    24 ||   140
Dodge: Dodged            |    57 |   169 |    44 ||   270

Table legend:
 A = Spawn XP
 B = Non-spawn XP
 C = Spawn XP percentage of total XP
 D = Spawn monster count
 E = Non-spawn monster count
 F = Spawn count percentage of total count
 G = Total turns spent on level
                    A         B        C        D         E        F      G
               +---------+---------+-------+---------+---------+-------+---------
         Total |       0 |    1872 |   0.0 |       0 |     116 |   0.0 |  3332
               +---------+---------+-------+---------+---------+-------+---------
           D:1 |       0 |      21 |   0.0 |       0 |      14 |   0.0 |   596
           D:2 |       0 |     594 |   0.0 |       0 |      61 |   0.0 |  1272
           D:3 |       0 |     135 |   0.0 |       0 |      26 |   0.0 |   485
           D:4 |       0 |    1053 |   0.0 |       0 |      14 |   0.0 |   917
           D:5 |       0 |      69 |   0.0 |       0 |       1 |   0.0 |    62
               +---------+---------+-------+---------+---------+-------+---------
